 Dungeon Crawl Stone Soup version 0.22.0-75-g3901e79 (webtiles) character file.

81 inc the Grave Robber (level 4, -5/30 HPs)
             Began as a Mummy Necromancer on Sept 12, 2018.
             Killed from afar by an orc wizard (15 damage)
             ... with a puff of flame
             ... on level 3 of the Dungeon.
             The game lasted 00:03:00 (1736 turns).

inc the Grave Robber (Mummy Necromancer)            Turns: 1736, Time: 00:03:01

Health: -5/30      AC:  3    Str: 11    XL:     4   Next: 19%
Magic:  4/10       EV: 12    Int: 15    God:
Gold:   190        SH:  0    Dex: 12    Spells: 10/11 levels left

rFire    x . .     SeeInvis .   f - +0 short sword
rCold    + . .     Gourm    .   (no shield)
rNeg     + + +     Faith    .   a - +0 robe
rPois    ∞         Spirit   .   (no helmet)
rElec    .         Reflect  .   i - +0 cloak
rCorr    .         Harm     .   (no gloves)
MR       .....                  (no boots)
Stlth    +++.......             (no amulet)
HPRegen  0.10/turn              j - ring of stealth
MPRegen  0.12/turn              (no ring)

@: very slightly contaminated
A: no food or potions, fire vulnerability, cold resistance 1, negative energy
resistance 3, torment resistance, unbreathing
a: no special abilities


You were on level 3 of the Dungeon.
You were not hungry.

You visited 1 branch of the dungeon, and saw 3 of its levels.

You collected 190 gold pieces.

Inventory:

Hand Weapons
 f - a +0 short sword (weapon)
Armour
 a - a +0 robe (worn)
 i - a +0 cloak (worn)
Jewellery
 j - a ring of stealth (left hand)
Scrolls
 b - 3 scrolls of identify {unknown}
 c - a scroll of teleportation {unknown}
 d - a scroll of immolation {unknown}
 e - a scroll of random uselessness {unknown}
 g - 2 scrolls of amnesia {unknown}
 h - 2 scrolls of remove curse {unknown}


   Skills:
 - Level 1.5 Dodging
 - Level 1.5 Stealth
 + Level 4.4 Spellcasting
 + Level 4.9 Necromancy


You had 10 spell levels left.
You knew the following spells:

 Your Spells              Type           Power        Failure   Level  Hunger
a - Pain                  Necr           ###.         2%          1    N/A

Your spell library contained the following spells:

 Spells                   Type           Power        Failure   Level  Hunger
 Animate Skeleton         Necr           N/A          2%          1    N/A
 Vampiric Draining        Necr           ###.......   7%          3    N/A
 Animate Dead             Necr           N/A          22%         4    N/A
 Regeneration             Chrm/Necr      Unusable     N/A         3    N/A

Dungeon Overview and Level Annotations

Branches:
Dungeon (3/15)

Altars:


Innate Abilities, Weirdness & Mutations

You do not eat or drink.
Your flesh is vulnerable to fire.
You are immune to poison.
Your flesh is cold resistant. (rC+)
You are immune to negative energy. (rN+++)
You are immune to unholy pain and torment.
You can survive without breathing.


Message History

The orc wizard gestures at you while chanting.
The magic dart hits you!
Casting: Pain (safe; 2% risk of failure)
Confirm with . or Enter, or press ? or * to list all spells.
Aiming: Pain (safe; 2% risk of failure)
Press: ? - help, Shift-Dir - straight line, f/p - orc wizard
Aim: an orc wizard, wielding a dagger and wearing a robe (almost dead, chance The orc wizard writhes in agony!
The orc wizard casts a spell at you. The magic dart hits you!
Casting: Pain (safe; 2% risk of failure)
Confirm with . or Enter, or press ? or * to list all spells.
Aiming: Pain (safe; 2% risk of failure)
Press: ? - help, Shift-Dir - straight line, f/p - orc wizard
Aim: an orc wizard, wielding a dagger and wearing a robe (almost dead, chance You miscast Pain.
Nothing appears to happen.
The orc wizard casts a spell at you. The puff of flame hits you!
The fire burns you terribly!
Ouch! That really hurt!
You die...

......##......####.
#.###.#....!...#..
#.#........#.#
#####.......#....#
.......#....##...#####
....##.<.............#
........####.........#
###.....####.........#
!...##....##...>@.oo.#
... #............o..#
.. ####.†#.%....o.....
.
#######.#............
......).##########...
######.....# ..
####### .


You could see 2 orc wizards and 2 orcs.

Vanquished Creatures
  A howler monkey zombie (D:2)
  2 adders (D:2)
  An ooze (D:3)
  3 dart slugs
  A leopard gecko (D:2)
  An orc (D:2)
  4 bats
  2 giant cockroaches (D:2)
  4 goblins
  5 hobgoblins
  7 kobolds
  2 quokkas
  2 ball pythons
  A frilled lizard (D:2)
  3 rats
39 creatures vanquished.

Notes
Turn   | Place    | Note
-------+----------+-------------------------------------------
     0 | D:1      | inc the Mummy Necromancer began the quest for the Orb.
     0 | D:1      | Reached XP level 1. HP: 13/13 MP: 4/4
   216 | D:1      | Reached XP level 2. HP: 19/19 MP: 3/6
   859 | D:2      | Reached XP level 3. HP: 11/24 MP: 8/8
  1289 | D:2      | Reached XP level 4. HP: 26/30 MP: 2/10
  1736 | D:3      | Killed from afar by an orc wizard

Skill      XL: |  1  2  3 |
---------------+----------+-----
Spellcasting   | 3 4 |  4.4
Dodging        | |  1.5
Stealth        | |  1.5
Necromancy     | |  4.9

Action                   |  1- 3 |  4- 6 || total
-------------------------+-------+-------++-------
Melee: Short sword       |     9 |     3 ||    12
       Unarmed           |     2 |       ||     2
 Cast: Pain              |    58 |    27 ||    85
Armor: Robe              |     8 |       ||     8
Dodge: Dodged            |    14 |     6 ||    20
